 Dungeon Crawl Stone Soup version 0.30-b1-2-g02819fbbbe (webtiles) character file.

Game seed: 13590854835697877991

205148 naiii the Warrior (level 18, -12/195 HPs)
             Began as a Hill Orc Fighter on Dec 4, 2023.
             Was an Elder of the Shining One.
             Killed from afar by a fire giant (18 damage)
             ... with a bolt of fire
             ... on level 2 of the Depths.
             The game lasted 01:49:19 (39389 turns).

naiii the Warrior (Hill Orc Fighter)               Turns: 39389, Time: 01:49:28

Health: -12/195    AC: 29    Str: 30    XL:     18   Next: 67%
Magic:  27/29      EV:  9    Int:  4    God:    the Shining One [****..]
Gold:   2605       SH: 40    Dex: 12    Spells: 17/17 levels left

rFire   . . .        c - +8 mithril axe "Arga" {speed, Will+}
rCold   . . .        g - +10 tower shield of Ignorance {rN+ Int-4}
rNeg    + + +        f - +7 plate armour of Compression {Rampage}
rPois   +            y - +2 hat {Will+}
rElec   .            P - scarf {+Inv}
rCorr   +            G - +0 pair of gloves {hurl}
SInv    .            J - +0 pair of boots "Hawkusuf" {Will++ Str+3 Dex+2 Slay+3}
Will    +++++        q - amulet of the acrobat Stlth
                     A - ring of resist corrosion
HPRegen 0.52/turn    F - ring of poison resistance
MPRegen 0.21/turn

%: acrobat, clarity, rampage
@: divinely shielded, glowing
A: clarity, robust 1
}: 1/15 runes: gossamer
a: Renounce Religion, Evoke Invisibility, Divine Shield, Cleansing Flame


You were on level 2 of the Depths.
You worshipped the Shining One.
The Shining One was greatly pleased with you.
You visited 7 branches of the dungeon, and saw 30 of its levels.
You visited the Abyss 1 time.

You collected 2967 gold pieces.
You spent 362 gold pieces at shops.

Inventory:

Hand Weapons
 c - the +8 mithril axe "Arga" (weapon) {speed, Will+}
   (You acquired it on level 2 of the Orcish Mines)

   Will:      It increases your willpower.
Missiles
 t - 4 curare-tipped darts (quivered)
 Q - 5 javelins
Armour
 f - the +7 plate armour of Compression (worn) {Rampage}
   (You found it on level 1 of the Spider Nest)

   Rampage:   It bestows one free step when moving towards enemies.
 g - the +10 tower shield of Ignorance (worn) {rN+ Int-4}
   (You found it on level 9 of the Dungeon)

   Int:       It affects your intelligence (-4).
   rN:        It protects you from negative energy.
 y - a +2 hat of willpower (worn)
 G - a +0 pair of gloves of hurling (worn)
 J - the +0 pair of boots "Hawkusuf" (worn) {Will++ Str+3 Dex+2 Slay+3}
   (You acquired it on level 1 of the Spider Nest)

   Str:       It affects your strength (+3).
   Dex:       It affects your dexterity (+2).
   Slay:      It affects your accuracy & damage with ranged weapons and melee
   (+3).
   Will:      It greatly increases your willpower.
 P - a scarf of invisibility (worn)
 U - a +0 scale mail of cold resistance
Jewellery
 q - an amulet of the acrobat (around neck)
 r - a +6 ring of dexterity
 s - the ring "Vikholaa" {Ice Slay+6 Stlth-}
   (You found it on level 2 of the Dungeon)

   [ring of ice]

   It enhances your ice magic.
   Slay:      It affects your accuracy & damage with ranged weapons and melee
   (+6).
   rF:        It makes you vulnerable to fire.
   rC:        It protects you from cold.
   Stlth:     It makes you less stealthy.
 A - a ring of resist corrosion (left hand)
 D - a +5 ring of evasion
 F - a ring of poison resistance (right hand)
 N - the ring of Miracles {rF+ Dex+2}
   (You found it on level 2 of the Spider Nest)

   [ring of protection from fire]

   Dex:       It affects your dexterity (+2).
   rF:        It protects you from fire.
 V - a ring of flight
 W - a ring of fire
 X - a +5 ring of evasion
Wands
 k - a wand of flame (12)
 n - a wand of mindburst (28)
 E - a wand of iceblast (17)
 O - a wand of acid (4)
 T - a wand of charming (6)
 Z - a wand of polymorph (3)
Scrolls
 b - 2 scrolls of blinking
 i - 15 scrolls of teleportation
 j - 6 scrolls of fog
 v - 2 scrolls of amnesia
 w - 6 scrolls of poison
 x - 8 scrolls of identify
 B - a scroll of enchant weapon
 H - 2 scrolls of fear
Potions
 a - 2 potions of flight
 d - 8 potions of might
 e - 14 potions of curing
 l - 5 potions of mutation
 m - 5 potions of magic
 o - a potion of cancellation
 p - 14 potions of lignification
 u - 5 potions of haste
 z - 5 potions of resistance
 C - 3 potions of berserk rage
 K - 2 potions of ambrosia
 L - 4 potions of invisibility
 R - 3 potions of brilliance


   Skills:
 + Level 19.8 Fighting
 - Level 18.0 Axes
 - Level 14.0 Throwing
 - Level 16.0 Armour
 * Level 4.4 Dodging
 + Level 14.2 Shields
 - Level 15.0 Invocations


You had 17 spell levels left.
You didn't know any spells.
Your spell library contained the following spells:

 Spells                   Type           Power      Damage    Failure   Level
 Apportation              Tloc           0%         N/A       100%        1
 Foxfire                  Conj/Fire      0%         2x1d4     100%        1
 Kiss of Death            Conj/Necr      0%         2d5       100%        1
 Necrotise                Necr           0%         1d4       100%        1
 Sandblast                Erth           0%         2d4       100%        1
 Summon Small Mammal      Summ           0%         N/A       100%        1
 Ensorcelled Hibernation  Hex/Ice        0%         N/A       100%        2
 Passwall                 Tmut/Erth      0%         N/A       100%        2
 Call Canine Familiar     Summ           0%         N/A       100%        3
 Confusing Touch          Hex            0%         N/A       100%        3
 Ignite Poison            Fire/Tmut/Pois 0%         N/A       100%        3
 Inner Flame              Hex/Fire       0%         N/A       100%        3
 Portal Projectile        Hex/Tloc       0%         N/A       100%        3
 Stone Arrow              Conj/Erth      0%         3d7       100%        3
 Summon Guardian Golem    Hex/Summ       0%         N/A       100%        3
 Swiftness                Air            0%         N/A       100%        3
 Vampiric Draining        Necr           0%         2d6       100%        3
 Dispel Undead            Necr           0%         3d6       100%        4
 Flame Wave               Conj/Fire      0%         2d4       100%        4
 Leda's Liquefaction      Hex/Erth       0%         N/A       100%        4
 Sticky Flame             Conj/Fire      0%         2d3       100%        4
 Agony                    Necr           0%         N/A       100%        5
 Alistair's Intoxication  Tmut/Pois      0%         N/A       100%        5
 Borgnjor's Vile Clutch   Necr/Erth      0%         N/A       100%        5
 Fireball                 Conj/Fire      0%         3d3       100%        5
 Lee's Rapid Deconstruct  Erth           0%         3d4*      100%        5
 Summon Forest            Summ/Tloc      0%         N/A       100%        5
 Summon Mana Viper        Hex/Summ       0%         N/A       100%        5
 Eringya's Noxious Bog    Tmut/Pois      0%         N/A       100%        6
 Plasma Beam              Fire/Air       0%         2x1d11    100%        6
 Starburst                Conj/Fire      0%         6d3       100%        6
 Statue Form              Tmut/Erth      0%         N/A       100%        6
 Summon Cactus Giant      Summ           0%         N/A       100%        6
 Ignition                 Fire           0%         3d3       100%        8
 Lehudib's Crystal Spear  Conj/Erth      0%         10d2      100%        8


Dungeon Overview and Level Annotations

Branches:
Dungeon (15/15)            Temple (1/1) D:7            Lair (5/5) D:11
  Swamp (1/4) Lair:3       Spider (4/4) Lair:3        Slime (0/5) Lair:5
    Orc (2/2) D:12            Elf (0/3) Orc:2        Vaults (0/5) D:13
 Depths (2/4) D:15

Altars:
Ashenzari
Cheibriados
Dithmenos
Elyvilon
Fedhas
Gozag
Hepliaklqana
Kikubaaqudgha
Makhleb
Nemelex Xobeh
Okawaru
Qazlal
Ru
Sif Muna
Trog
Uskayaw
Vehumet
Wu Jian
Xom
Yredelemnul
Zin
The Shining One
Beogh
Jiyva

Shops:
D:2 (   D:4 *   Orc:2 (?((=

Portals:
Hell: Depths:1


Innate Abilities, Weirdness & Mutations

You possess an exceptional clarity of mind.
You are robust. (+10% HP)


Message History

You block the fire giant's attack.
You slash the fire giant!
The fire giant is severely wounded.
You block the fire giant's attack. The fire dragon breathes flames at you.
The blast of flame hits the fire giant.
The fire giant resists.
The blast of flame hits you!
You hit the fire giant.
The fire giant is severely wounded.
The fire giant points at you and mumbles some strange words.
The bolt of fire hits you!!
* * * LOW HITPOINT WARNING * * *
You completely miss the fire giant.
The fire giant is severely wounded.
You slash the fire giant!
The fire giant is severely wounded.
The fire giant casts a spell at you. The bolt of fire hits you!!
* * * LOW HITPOINT WARNING * * *
You hit the fire giant.
The fire giant is almost dead.
You block the fire giant's attack.
You slash the fire giant!
The fire giant is almost dead.
You completely miss the fire giant.
The fire giant is almost dead.
You block the fire giant's attack. The fire dragon breathes flames at you.
The blast of flame hits the fire giant.
The fire giant resists.
The blast of flame hits you!
* * * LOW HITPOINT WARNING * * *
Okay, then.
Okay, then.
You feel much better. The cyan very ugly thing punches you!
* * * LOW HITPOINT WARNING * * *
The cyan very ugly thing shocks you!!
* * * LOW HITPOINT WARNING * * *
The fire giant gestures at you while chanting.
The bolt of fire hits you!!
You die...

.. #. #. #.
#..##############
................#
#######...#######..
#.♣D♣p♣§§§♣.♣ #.#
#♣.♣R♣§§§§§♣ #.#
#C♣u♣.C§#[♣.♣ #.#
#♣@♣.♣.♣.♣.♣ #.#
#.♣.♣.♣♣.♣♣.♣ #.#
########R# ## #.#
.p§ #.# u.. #.#


DPi.) #.. DPG.. #.. #.. #.( You could see a cyan very ugly thing, a fire giant,
a rakshasa and a hell knight.

Vanquished Creatures
  Arachne (Spider:4)
  Rupert (Lair:5)
  Jorgrun (Orc:2)
  A lich (Depths:2)
  A tengu reaver (Depths:1)
  A fire giant (Depths:2)
  Roxanne (D:15)
  6 ghost moths
  3 frost giants
  4 emperor scorpions
  A broodmother (Spider:3)
  2 very ugly things
  8 stone giants
  An eleionoma (Lair:3)
  The ghost of Hiywul the Fighter, a journeyman MiHu of Trog (Lair:4)
  Snorg (Lair:4)
  7 spark wasps
  3 fire dragons
  2 ettins (Depths:1)
  A merfolk javelineer (Depths:2)
  8 entropy weavers
  Josephine (D:15)
  3 rakshasas
  4 jorogumos
  Erolcha (Orc:2)
  3 ice dragons
  3 hydras
  A radroach (Spider:4)
  A spriggan air mage (Depths:1)
  A ghost crab (Swamp:1)
  A catoblepas (Lair:4)
  3 two-headed ogres
  2 dancing weapons (D:13)
  8 boulder beetles
  A centaur warrior (D:14)
  5 death yaks (Lair:4)
  2 tengu warriors (D:15)
  A death knight (D:15)
  A deep troll earth mage (Depths:1)
  A death scarab (Spider:4)
  3 deep troll shamans
  Urug (Lair:2)
  A thrashing horror (Abyss:1)
  A skyshark (Lair:2)
  A hell knight (Depths:2)
  3 deep trolls (Depths:1)
  A sun moth (Spider:4)
  2 goliath frogs
  3 pharaoh ants
  17 orb spiders
  4 orange crystal statues (D:9)
  3 swamp dragons (Lair:3)
  8 steelbarb worms
  Pikel (D:8)
  4 lindwurms
  2 orc knights
  A deep elf pyromancer (D:15)
  18 wolf spiders
  10 orc sorcerers (Orc:2)
  4 cyclopes
  A moth of wrath (Spider:3)
  10 ugly things
  A worldbinder (Abyss:1)
  A manticore (D:15)
  20 elephants
  5 black mambas
  7 cane toads
  10 demonic crawlers
  11 torpor snails
  An unseen horror (D:10)
  7 komodo dragons
  Psyche (D:8)
  2 kobold demonologists (D:12)
  3 yaktaurs (D:14)
  3 rime drakes
  3 efreet
  An ancient zyme (Abyss:1)
  3 meliai (Spider:4)
  2 polar bears
  A troll (shapeshifter) (D:13)
  7 trolls
  A wolf spider simulacrum (D:15)
  37 tarantellas
  A tyrant leech (shapeshifter) (Depths:2)
  Grinder (D:3)
  11 blink frogs
  11 hornets
  5 tyrant leeches
  19 jumping spiders
  8 dream sheep
  22 culicivoras
  A centaur simulacrum (D:15)
  2 vampires
  A ynoxinul (Abyss:1)
  A shadow (D:13)
  4 wyverns
  10 slime creatures
  39 yaks
  4 water elementals
  6 wraiths
  A steam dragon (D:9)
  5 starcursed masses (Abyss:1)
  4 basilisks
  60 redbacks
  13 vampire mosquitoes
  4 swamp worms (Lair:3)
  3 wargs (Orc:1)
  14 water moccasins
  An ice beast (D:6)
  14 orc warriors
  A sky beast (D:7)
  3 black bears
  A swamp drake (Lair:3)
  13 wolves
  9 ogres
  10 centaurs
  2 lemures (D:8)
  3 kobold brigands
  12 bullfrogs
  2 gnoll sergeants
  3 scorpions
  8 wights
  9 killer bees (D:9)
  An electric eel (D:10)
  3 howler monkeys
  5 crimson imps (D:8)
  3 lava snakes (Lair:1)
  A quasit (Abyss:1)
  6 hounds
  14 orc priests
  2 jellies (D:6)
  2 sleepcaps
  A gnoll bouda (D:7)
  4 iguanas
  Ijyb (D:3)
  Terence (D:2)
  Natasha (twice) (D:3)
  33 orc wizards
  Robin (D:4)
  5 adders
  22 gnolls
  2 shadow imps (D:8)
  6 white imps
  An ufetubus (Abyss:1)
  86 orcs
  6 ball pythons
  5 bats
  8 endoplasms
  A giant cockroach (D:1)
  13 goblins
  8 hobgoblins
  4 jackals
  2 quokkas
  A frilled lizard (D:2)
  A goblin zombie (D:6)
  15 kobolds
  3 rats
  A rat zombie (D:6)
  A lurking horror (Abyss:1)
936 creatures vanquished.

Vanquished Creatures (others)
  A culicivora (Spider:4)
  2 orc wizards
  A quokka (D:11)
  A kobold (D:12)
  11 fungi
  49 plants
65 creatures vanquished.

Grand Total: 1001 creatures vanquished

Notes
Turn   | Place    | Note
-------+----------+-------------------------------------------
     0 | D:1      | naiii the Hill Orc Fighter began the quest for the Orb.
     0 | D:1      | Reached XP level 1. HP: 19/19 MP: 1/1
    59 | D:1      | Reached XP level 2. HP: 26/26 MP: 2/2
   918 | D:2      | Reached XP level 3. HP: 26/31 MP: 3/3
   955 | D:2      | Reached skill level 5 in Axes
  1036 | D:2      | Reached XP level 4. HP: 10/39 MP: 4/4
  1205 | D:2      | Noticed Terence
  1216 | D:2      | Killed Terence
  1341 | D:2      | Found Kinyuc's Antique Weapon Shoppe.
  1373 | D:2      | Identified the ring "Vikholaa" {Ice Slay+6 Stlth-}
  1672 | D:3      | Found a faded altar of an unknown god.
  1765 | D:3      | Found a shadowy altar of Dithmenos.
  1856 | D:3      | Noticed Ijyb
  1861 | D:3      | Killed Ijyb
  1862 | D:3      | Reached XP level 5. HP: 42/45 MP: 5/5
  1874 | D:3      | Found a stormy altar of Qazlal.
  1910 | D:3      | Noticed Natasha
  1915 | D:3      | Killed Natasha
  2012 | D:3      | Noticed Natasha
  2024 | D:3      | Killed Natasha
  2095 | D:3      | Noticed Grinder
  2105 | D:3      | Killed Grinder
  2106 | D:3      | Reached XP level 6. HP: 43/51 MP: 6/6
  2611 | D:4      | Reached XP level 7. HP: 51/57 MP: 7/7
  2740 | D:4      | Found an opulent altar of Gozag.
  2744 | D:4      | Reached skill level 10 in Axes
  2959 | D:4      | Noticed Robin
  2967 | D:4      | Killed Robin
  2973 | D:4      | Found Micimi's General Store.
  2984 | D:4      | Bought a scroll of identify for 26 gold pieces
  3137 | D:4      | Found a blossoming altar of Fedhas.
  3140 | D:4      | Found a shimmering altar of Xom.
  3140 | D:4      | Found a basalt altar of Yredelemnul.
  3142 | D:4      | Found a shimmering altar of Xom.
  3142 | D:4      | Found a glowing golden altar of the Shining One.
  3142 | D:4      | Found a burning altar of Makhleb.
  3434 | D:5      | Entered Level 5 of the Dungeon
  3458 | D:5      | Found a sacrificial altar of Ru.
  3585 | D:5      | Reached skill level 4 in Fighting
  3936 | D:5      | Found a shimmering blue altar of Sif Muna.
  4053 | D:5      | Reached XP level 8. HP: 66/66 MP: 8/8
  4143 | D:5      | Reached skill level 5 in Fighting
  4639 | D:6      | Reached skill level 6 in Fighting
  5083 | D:6      | Reached skill level 7 in Fighting
  5130 | D:6      | Reached XP level 9. HP: 76/79 MP: 9/9
  5433 | D:7      | Found a staircase to the Ecumenical Temple.
  5447 | Temple   | Entered the Ecumenical Temple
  5722 | Temple   | Became a worshipper of Elyvilon the Healer
  5737 | D:7      | Found a glowing silver altar of Zin.
  5931 | D:7      | Identified the +3 chain mail of Owak {rPois}
  5937 | D:7      | Reached skill level 8 in Fighting
  6222 | D:7      | Reached skill level 9 in Fighting
  6706 | D:7      | Reached * piety under Elyvilon
  7041 | D:8      | Noticed Psyche
  7118 | D:8      | Killed Psyche
  7431 | D:8      | Reached ** piety under Elyvilon
  7486 | D:8      | Noticed Pikel
  7500 | D:8      | Killed Pikel
  7501 | D:8      | Reached skill level 10 in Fighting
  7501 | D:8      | Reached skill level 5 in Armour
  7501 | D:8      | Reached XP level 10. HP: 90/93 MP: 10/10
  7516 | D:8      | Found a sparkling altar of Nemelex Xobeh.
  7594 | D:8      | Found an ornate altar of the Wu Jian Council.
  7638 | D:8      | Identified the +4 plate armour of Divine Intervention
                  | {*Slow Regen+ Int+3}
  7819 | D:9      | Found the +10 tower shield of Ignorance {rN+ Int-4}
  7819 | D:9      | Found a runed translucent door.
  7937 | D:9      | Reached skill level 15 in Axes
  8221 | D:9      | Found a runed translucent door.
  8231 | D:9      | Noticed an orange crystal statue
  8231 | D:9      | Noticed an orange crystal statue
  8231 | D:9      | Noticed an orange crystal statue
  8231 | D:9      | Noticed an orange crystal statue
  8236 | D:9      | Noticed a two-headed ogre
  8418 | D:9      | Found a blossoming altar of Fedhas.
  8580 | D:9      | Found a bloodstained altar of Trog.
  8633 | D:9      | Reached skill level 11 in Fighting
  8819 | D:9      | Found a glowing golden altar of the Shining One.
  8978 | D:10     | Entered Level 10 of the Dungeon
  9117 | D:10     | Killed an unseen horror
  9205 | D:10     | Reached XP level 11. HP: 97/102 MP: 11/11
  9317 | D:10     | Reached *** piety under Elyvilon
  9329 | D:10     | Reached skill level 1 in Invocations
  9460 | D:10     | Noticed a two-headed ogre
  9466 | D:10     | Killed a two-headed ogre
  9467 | D:10     | Reached skill level 12 in Fighting
  9805 | D:11     | Found a white marble altar of Elyvilon.
  9821 | D:11     | Noticed a cyclops
  9830 | D:11     | Killed a cyclops
 10166 | D:11     | Found a staircase to the Lair.
 10253 | D:11     | Noticed a two-headed ogre
 10264 | D:11     | Killed a two-headed ogre
 10265 | D:11     | Reached skill level 5 in Invocations
 10383 | D:11     | Reached **** piety under Elyvilon
 10501 | D:12     | Noticed a cyclops
 10511 | D:12     | Killed a cyclops
 10602 | D:12     | Reached skill level 13 in Fighting
 10866 | D:12     | Found a staircase to the Orcish Mines.
 11051 | D:12     | Reached XP level 12. HP: 92/115 MP: 16/16
 11686 | D:12     | Reached skill level 10 in Armour
 12038 | D:13     | Noticed a two-headed ogre
 12098 | D:13     | Killed a two-headed ogre
 12102 | D:13     | HP: 2/116 [efreet/bolt of fire (31)]
 12397 | D:13     | Found a broken altar of Ashenzari.
 12600 | D:13     | Found a gate to the Vaults.
 12980 | D:13     | Reached skill level 14 in Fighting
 12982 | D:13     | Reached skill level 5 in Shields
 13382 | Lair:1   | Entered Level 1 of the Lair of Beasts
 13427 | Lair:1   | Found a runed translucent door.
 13481 | Lair:1   | Found a runed translucent gate.
 13481 | Lair:1   | Found a runed translucent gate.
 13481 | Lair:1   | Found a runed translucent gate.
 13481 | Lair:1   | Found a runed translucent gate.
 13481 | Lair:1   | Found a runed translucent gate.
 13481 | Lair:1   | Found a runed translucent gate.
 13481 | Lair:1   | Noticed a boulder beetle
 13481 | Lair:1   | Noticed a boulder beetle
 13505 | Lair:1   | Killed a boulder beetle
 13515 | Lair:1   | Killed a boulder beetle
 13748 | Lair:1   | Reached skill level 10 in Shields
 13748 | Lair:1   | Reached XP level 13. HP: 125/125 MP: 18/18
 14171 | Lair:1   | Reached ***** piety under Elyvilon
 14201 | Lair:1   | Reached XP level 14. HP: 77/133 MP: 19/19
 14477 | Lair:1   | Identified the +6 sling "Itammepp" {freeze, rPois Will-
                  | Str+6 Stlth+}
 15012 | Lair:2   | Reached skill level 15 in Fighting
 15254 | Lair:2   | Noticed Urug
 15259 | Lair:2   | Killed Urug
 16070 | Lair:3   | Found a staircase to the Swamp.
 16339 | Lair:3   | Found a hole to the Spider Nest.
 16342 | Lair:3   | Reached skill level 10 in Invocations
 16348 | Lair:3   | Reached skill level 16 in Fighting
 17892 | Lair:4   | Reached XP level 15. HP: 37/145 MP: 23/23
 18260 | Lair:4   | Noticed Snorg
 18270 | Lair:4   | Killed Snorg
 18498 | Lair:4   | Found a runed translucent door.
 18500 | Lair:4   | Noticed Hiywul's ghost (journeyman MiHu)
 18569 | Lair:4   | Killed Hiywul's ghost
 18947 | Lair:4   | Reached skill level 17 in Fighting
 19420 | Lair:5   | Entered Level 5 of the Lair of Beasts
 20174 | Lair:5   | Found a runed translucent door.
 20358 | Lair:5   | HP: 3/183 [lindwurm/blast of flame (30)]
 20359 | Lair:5   | HP: 1/183 [lindwurm/blast of flame (30)]
 20362 | Lair:5   | Elyvilon protects you from harm!
 20364 | Lair:5   | HP: 9/183 [lindwurm (1)]
 20369 | Lair:5   | HP: 7/183 [torpor snail (5)]
 20713 | Lair:5   | Paralysed by a hornet for 2 turns
 21215 | Lair:5   | Noticed Rupert
 21237 | Lair:5   | HP: 7/141 [Rupert/+1 battleaxe of draining (21)]
 21246 | Lair:5   | Killed Rupert
 21247 | Lair:5   | Reached skill level 1 in Throwing
 21479 | Lair:5   | Found a viscous altar of Jiyva.
 21479 | Lair:5   | Found a staircase to the Slime Pits.
 23076 | D:14     | Found an ornate altar of the Wu Jian Council.
 23204 | D:15     | Entered Level 15 of the Dungeon
 23373 | D:15     | Noticed Josephine
 23384 | D:15     | Killed Josephine
 23972 | D:15     | Reached skill level 18 in Fighting
 24206 | D:15     | Reached skill level 15 in Armour
 24375 | D:15     | Identified Roxanne's Atlas of Clay
 24375 | D:15     | Noticed Roxanne
 24562 | D:15     | Killed Roxanne
 24770 | D:15     | Found a staircase to the Depths.
 24770 | D:15     | Noticed a frost giant
 24780 | D:15     | Killed a frost giant
 24781 | D:15     | Reached XP level 16. HP: 28/157 MP: 26/26
 25423 | Swamp:1  | Entered Level 1 of the Swamp
 25526 | Swamp:1  | HP: 7/157 [eleionoma/spray of wooden splinters (21)]
 26567 | Depths:1 | Entered Level 1 of the Depths
 26583 | Depths:1 | Reached skill level 5 in Throwing
 27333 | Depths:1 | Found a gateway to Hell.
 28007 | D:9      | Lost intelligence.
 28051 | D:9      | Lost intelligence.
 28656 | Orc:1    | Entered Level 1 of the Orcish Mines
 28917 | Orc:2    | Entered Level 2 of the Orcish Mines
 28918 | Orc:2    | Noticed Jorgrun
 28933 | Orc:2    | Killed Jorgrun
 28975 | Orc:2    | Found a staircase to the Elven Halls.
 29092 | Orc:2    | Found Joimi's Weapon Shop.
 29248 | Orc:2    | Gained mutation: You possess an exceptional clarity of
                  | mind. [a neqoxec]
 29575 | Orc:2    | Paralysed by an orc sorcerer for 5 turns
 29670 | Orc:2    | Gained mutation: You are robust. (+10% HP) [a neqoxec]
 29840 | Orc:2    | Found Otou's Magic Scroll Shoppe.
 29856 | Orc:2    | Bought a scroll of blinking for 120 gold pieces
 29856 | Orc:2    | Bought a scroll of teleportation for 48 gold pieces
 29856 | Orc:2    | Bought a scroll of blinking for 120 gold pieces
 29856 | Orc:2    | Bought a scroll of teleportation for 48 gold pieces
 29868 | Orc:2    | Noticed Erolcha
 29869 | Orc:2    | Found a radiant altar of Vehumet.
 29873 | Abyss:1  | Cast into level 1 of the Abyss (Erolcha)
 30013 | Abyss:1  | Found a corrupted altar of Lugonu.
 30264 | Orc:2    | Escaped the Abyss
 30269 | Orc:2    | Killed Erolcha
 30270 | Orc:2    | Found Budoc's Antique Weapon Emporium.
 30504 | Orc:2    | Reached skill level 15 in Invocations
 30504 | Orc:2    | Found an ancient bone altar of Kikubaaqudgha.
 30509 | Orc:2    | Found a roughly hewn altar of Beogh.
 30509 | Orc:2    | Found Irchasos's Jewellery Shoppe.
 30526 | Orc:2    | Found Qodaskul's Antique Weapon Emporium.
 30593 | Orc:2    | Identified a scroll of acquirement
 30593 | Orc:2    | Acquired the +8 mithril axe "Arga" {speed, Will+}
 30593 | Orc:2    | Found the +8 mithril axe "Arga" {speed, Will+}
 31099 | Spider:1 | Entered Level 1 of the Spider Nest
 31266 | Spider:1 | Acquired the +0 pair of boots "Hawkusuf" {Will++ Str+3
                  | Dex+2 Slay+3}
 31380 | Spider:1 | Reached skill level 19 in Fighting
 31388 | Spider:1 | Identified the +7 plate armour of Compression {Rampage}
 31639 | Spider:1 | Reached ****** piety under Elyvilon
 32064 | Spider:2 | Reached XP level 17. HP: 184/184 MP: 28/28
 32174 | Spider:2 | Reached skill level 10 in Throwing
 32199 | Spider:2 | Identified the ring of Miracles {rF+ Dex+2}
 33860 | Spider:4 | Entered Level 4 of the Spider Nest
 35108 | Spider:3 | Lost intelligence.
 35811 | Spider:4 | Got a gossamer rune of Zot
 35834 | Spider:4 | Noticed Arachne
 36100 | Spider:4 | Reached XP level 18. HP: 192/193 MP: 29/29
 36222 | Spider:4 | Killed Arachne
 37895 | D:9      | Fell from the grace of Elyvilon
 37895 | D:9      | Became a worshipper of the Shining One
 37895 | D:9      | Reached * piety under the Shining One
 37895 | D:9      | Reached ** piety under the Shining One
 37895 | D:9      | Reached *** piety under the Shining One
 38105 | Depths:1 | Found a shimmering blue altar of Sif Muna.
 38122 | Depths:1 | Reached **** piety under the Shining One
 38263 | Depths:1 | Reached skill level 1 in Dodging
 39195 | Depths:2 | Noticed a lich
 39201 | Depths:2 | Killed a lich
 39389 | Depths:2 | HP: 6/195 [cyan very ugly thing (26)]
 39389 | Depths:2 | Killed from afar by a fire giant

Illustrated notes

Levels and vault maps discovered:
D:1:      lemuel_arrival_hallway, layout_basic, minmay_hexomino_f4
D:2:      layout_rooms, serial_shops, shop, uniq_terence
D:3:      layout_basic, nicolae_dithmenos_shadow_blocks, lemuel_round_altar,
          basic_ecumenical_altar, grunt_decor_junction, uniq_ijyb, uniq_natasha,
          uniq_grinder
D:4:      layout_cave_pools, nicolae_gozag_seed_capital, doesnt_xom_only_xom,
          serial_shops, nicolae_shop_tiny_statue_garden, serial_bayou_lake_a,
          uniq_robin
D:5:      black_bear_nest_2, layout_basic, nicolae_overflow_hidden_temple,
          nicolae_ru_awakened_eye
D:6:      layout_loops_ring, enter_ossuary_4
D:7:      layout_cave_pods, mainiacjoe_overflow_cross_hatched,
          minmay_temple_entry_water_ring
D:8:      layout_rooms, old_standard_altar, lemuel_coloured_pillars_altar,
          minmay_nine_imps, uniq_pikel, uniq_psyche
D:9:      layout_rooms, mainiacjoe_overflow_surrounded_room, old_standard_altar,
          mainiacjoe_overflow_paths, chequers_guarded_unrand_ignorance
D:10:     layout_big_octagon, chequers_big_river
D:11:     layout_cave_pools, lair_entry_dummy, elyvilon_altar_4
D:12:     layout_basic, hiddenorc2_lemuel, chequers_mini_garden
D:13:     layout_stronghold, erik_vaults_1, nicolae_ashenzari_skybound
D:14:     layout_basic, nzn_wu_jian_council_hall, minmay_misc_feat_five
D:15:     grunt_enter_depths_snipers, layout_loops_cross, grunt_tough_drop,
          uniq_josephine, uniq_roxanne
Temple:   dpeg_chambers_temple
Lair:1:   gammafunk_indiana_jones, layout_regular_city,
          infiniplex_staircase_pool_2
Lair:2:   layout_big_grid, grunt_megastairs_5, uniq_urug
Lair:3:   onia_ninara_swampy_vault, layout_misc_corridors, swamp_mist,
          nicolae_spider_entry_tight_spaces, infiniplex_staircase_pool,
          serial_bayou_shore_b
Lair:4:   layout_gridlike, hellmonk_ghost_happy_afterlife,
          chequers_serial_rivers_micro_b, uniq_snorg
Lair:5:   wormcave, layout_hall_layers, slime_entry_1,
          small_statue_intersection, uniq_rupert
Swamp:1:  layout_basic_swamp, evilmike_swamp_ruin_house_2,
          nicolae_swamp_treefoil, uniq_mlioglotl
Spider:1: layout_spider_delve, hangedman_spider_trapstep
Spider:2: layout_spider_delve, hangedman_spider_tarantella_strand
Spider:3: layout_cave_pods, hellmonk_narrow_tunnel
Spider:4: johnstein_spider_rune_arachne_lair, spiders_nest_hornet_nest
Orc:1:    layout_diamond_mine
Orc:2:    kennysheep_orc_mage_school, layout_caves, serial_shops,
          nicolae_shop_bloodbath_and_beyond, nicolae_orc_crystal_geode,
          uniq_jorgrun
Depths:1: layout_gridlike, nicolae_BIG_FREAKIN_CUBE, hell_entry,
          nrook_loot_triangle, nicolae_sif_muna_little_library,
          serial_bayou_shore_b
Depths:2: nzn_winding_woodlands_small [nzn_winding_woodlands_5x15_split_checker,
          nzn_winding_woodlands_center_garden,
          nzn_winding_woodlands_5x15_cabin], layout_basic,
          minmay_misc_feat_diagonals, abyss_entry, serial_bayou,
          serial_bayou_lagoon_b, serial_bayou_pond_e, serial_bayou_pond_c,
          serial_bayou_pond_b, pan_entry, pf_hell_entry_tar_spiral,
          hangedman_decor_opposing, minmay_acid_items,
          infiniplex_staircase_door_maze, uniq_nikola

Skill      XL: |  1  2  3  4  5  6  7  8  9 10 11 12 13 14 15 16 17 18 |
---------------+-------------------------------------------------------+-----
Axes           | 3 4 5 6 9 11 12 14 15 16 18 | 18.0
Fighting       | 4 7 10 11 13 14 16 18 19 | 19.8
Armour         | 5 7 9 11 13 15 16 | 16.0
Invocations    | 6 7 11 13 15 | 15.0
Shields        | 10 11 13 14 | 14.2
Throwing       | 4 9 13 14 | 14.0
Dodging        | 4 |  4.4

Action                     |  1- 3 |  4- 6 |  7- 9 | 10-12 | 13-15 | 16-18 || total
---------------------------+-------+-------+-------+-------+-------+-------++-------
  Melee: War axe           |    64 |    58 |   313 |   447 |   667 |   360 ||  1909
         Broad axe         |       |       |       |       |       |  1028 ||  1028
 Invoke: Heal Self         |       |       |       |     1 |     5 |     3 ||     9
         Heal Other        |       |       |       |     1 |       |       ||     1
         Purification      |       |       |       |       |     3 |     5 ||     8
         Divine Vigour     |       |       |       |       |     1 |       ||     1
         Divine Shield     |       |       |       |       |       |     1 ||     1
  Evoke: Wand              |       |     5 |     2 |    19 |     6 |       ||    32
    Use: Scroll            |       |    10 |    11 |    11 |     5 |     4 ||    41
         Potion            |       |       |       |     3 |     6 |     6 ||    15
 Armour: Scale mail        |    28 |    16 |    56 |       |       |       ||   100
         Chain mail        |       |       |    32 |   183 |   331 |   244 ||   790
         Plate armour      |       |       |       |       |       |   350 ||   350
  Dodge: Dodged            |    37 |    28 |   127 |   192 |   336 |   708 ||  1428
  Block: Buckler           |     7 |    12 |    55 |    71 |   253 |    82 ||   480
         Tower shield      |       |       |       |       |       |  1317 ||  1317
